 Dungeon Crawl Stone Soup version 0.28-a0-1510-gd0f6b136d3 (webtiles) character file.

Game seed: 4220057923906895147

5739 spiderkeys the Skirmisher (level 10, -11/56 HPs)
             Began as a Vine Stalker Abyssal Knight on Jan 15, 2022.
             Was a High Priest of Lugonu.
             Mangled by a two-headed ogre (12 damage)
             ... in a bailey.
             The game lasted 00:19:04 (7072 turns).

spiderkeys the Skirmisher (VSAK)                    Turns: 7072, Time: 00:19:05

Health: -11/56     AC:  8    Str: 20    XL:     10   Next: 77%
Magic:  0/16       EV: 21    Int: 10    God:    Lugonu [*****.]
Gold:   81         SH:  5    Dex: 24    Spells: 9/9 levels left

rFire   . . .      SeeInvis .   a - +1 rapier (vamp)
rCold   . . .      Faith    .   (no shield)
rNeg    . . .      Spirit   +   i - +0 leather armour
rPois   .          Reflect  +   (no helmet)
rElec   .          Harm     .   d - +0 cloak
rCorr   .          Rampage  +   K - +2 pair of gloves of the Peach {Rampage Str+3}
Will    +....                   n - +0 pair of boots
Stlth   ++........              I - amulet of reflection
HPRegen 0.98/turn               E - +4 ring of evasion
MPRegen 0.15/turn               D - +6 ring of dexterity

@: very slow
A: fangs 3, regeneration 1, magic shield, antimagic bite, no potion heal 2
a: Renounce Religion, Depart the Abyss, Bend Space, Banish, Corrupt, Enter the
Abyss


You were in a bailey.
You worshipped Lugonu.
Lugonu was extremely pleased with you.
You visited 1 branch of the dungeon, and saw 9 of its levels.
You visited the Abyss 1 time.
You also visited: Bailey.

You collected 471 gold pieces.
You spent 390 gold pieces at shops.


Innate Abilities, Weirdness & Mutations

You have razor-sharp teeth.
Your natural rate of healing is unusually fast.
When hurt, damage is shared between your health and your magic reserves.
Your bite disrupts and absorbs the magic of your enemies.
Potions cannot restore your health.


   Skills:
 + Level 7.9 Fighting
 + Level 7.7 Short Blades
 - Level 1.5 Armour
 + Level 6.5 Dodging
 - Level 5.0 Stealth
 + Level 6.7 Invocations


You had 9 spell levels left.
You didn't know any spells.
Your spell library contained the following spells:

 Spells                   Type           Power      Damage    Failure   Level
 Animate Skeleton         Necr           0%         N/A       41%         1
 Apportation              Tloc           0%         N/A       41%         1
 Freeze                   Ice            0%         1d3       41%         1
 Summon Small Mammal      Summ           0%         N/A       41%         1
 Frozen Ramparts          Ice            0%         1d2       78%         3
 Hailstorm                Conj/Ice       0%         3d3       99%         4

Inventory:

Hand Weapons
 a - a +1 vampiric rapier (weapon)
   (You took it off Duvessa on level 6 of the Dungeon)
 b - a +0 fustibalus
   (You found it on level 5 of the Dungeon)
 N - a +2 dagger of holy wrath
   (You took it off Dowan on level 6 of the Dungeon)
Missiles
 c - 2 throwing nets {=f!f}
 e - 9 boomerangs (quivered)
 f - 12 bolts
 j - 55 sling bullets
 l - 252 stones
 t - 69 arrows
 u - 4 poisoned darts
Armour
 d - a +0 cloak (worn)
   (You found it on level 1 of the Dungeon)
 h - a +0 ring mail of positive energy
   (You found it on level 2 of the Dungeon)
 i - a +0 leather armour (worn)
 n - a +0 pair of boots (worn)
   (You found it on level 2 of the Dungeon)
 K - the +2 pair of gloves of the Peach (worn) {Rampage Str+3}
   (You found it on level 9 of the Dungeon)

   Str:       It affects your strength (+3).
   Rampage:   It bestows one free step when moving towards enemies.
Magical Staves
 r - a staff of fire {!a}
   (You found it on level 8 of the Dungeon)
Jewellery
 D - a +6 ring of dexterity (right hand)
   (You found it on level 3 of the Dungeon)
 E - a +4 ring of evasion (left hand)
   (You found it on level 1 of the Dungeon)
 I - an amulet of reflection (around neck)
   (You bought it in a shop on level 6 of the Dungeon)
 R - a ring of resist corrosion
   (You found it on level 5 of the Dungeon)
 W - a ring of magical power
   (You found it on level 4 of the Dungeon)
Wands
 F - a wand of iceblast (7)
   (You found it on level 9 of the Dungeon)
 J - a wand of polymorph (7)
   (You found it on level 6 of the Dungeon)
 L - a wand of flame (8)
   (You took it off Dowan on level 6 of the Dungeon)
Scrolls
 g - 3 scrolls of blinking {!r}
 m - 6 scrolls of teleportation {@r4}
 o - a scroll of vulnerability {!r!r}
 s - 2 scrolls of fog
 v - a scroll of noise {!r}
 w - 2 scrolls of amnesia
 y - 2 scrolls of identify {@r1}
 H - a scroll of enchant weapon
Potions
 k - a potion of attraction {unknown}
 p - a potion of curing {unknown}
 q - a potion of haste {@q3}
 x - a potion of berserk rage {unknown}
 z - a potion of flight {unknown}
 A - a potion of lignification {unknown}
 B - a potion of heal wounds {unknown}
 C - a potion of brilliance {unknown}
 G - 2 potions of magic {unknown}
 M - 2 potions of ambrosia {unknown}

Dungeon Overview and Level Annotations

Branches:
Dungeon (9/15)             Temple (0/1) D:6          Bailey (1/1)
   Lair: D:8-11         Orc: D:9-12

Altars:
Okawaru

Shops:
D:6 *:

Annotations:
D:7 3 runed translucent doors, swinepaste's ghost, novice DEFE; testman's ghost, novice VSBr

#######
###.....###
##.........##
##...........##
#....∩...∩....#
#......§....##
##.....O...##
###≈≈≈≈≈###
#≈@≈≈≈#
##≈≈≈)≈##
##.......##
#.........##
#..##♣♣#♣#..##
#..# #♣..##
#..# #♣..## ..#
♣#..# #..#


You could see a two-headed ogre.


Message History

m - 6 scrolls of teleportation {@r4} (gained 1)
Things that are here:
a +0 trident; +2 ice dragon scales; a spriggan corpse You see here a steam dragon corpse.
u - 7 poisoned darts (gained 1)
A two-headed ogre comes into view. It is wielding two +0 halberds.
A two-headed ogre is nearby!
A two-headed ogre is nearby!
A two-headed ogre is nearby!
Throw: 7 darts (poison)
Press: ? - help, Shift-Dir - straight line, f - two-headed ogre
Aim: a two-headed ogre, wielding two +0 halberds (wandering, hasn't noticed you, 79% to hit)
You throw a poisoned dart.
The poisoned dart barely misses the two-headed ogre.
The two-headed ogre shouts in stereo!
Throw: 6 darts (poison)
Press: ? - help, Shift-Dir - straight line, f/p - two-headed ogre
Aim: a two-headed ogre, wielding two +0 halberds (79% to hit)
You throw a poisoned dart.
The poisoned dart barely misses the two-headed ogre.
Throw: 5 darts (poison)
Press: ? - help, Shift-Dir - straight line, f/p - two-headed ogre
Aim: a two-headed ogre, wielding two +0 halberds (79% to hit)
You throw a poisoned dart.
The poisoned dart hits the two-headed ogre.
The two-headed ogre is poisoned.
The two-headed ogre looks more healthy.
The two-headed ogre closely misses you. x2
You hit the two-headed ogre. You bite the two-headed ogre! You drain its power.
You hit the two-headed ogre.
You bite the two-headed ogre, but do no damage.
The two-headed ogre hits you with a +0 halberd! x2 😮 HP[-21] MP[-6]
You take 21 damage, and now have 35/56 hp.
MASSIVE DAMAGE!! (PAUSE)
You lost 6 mp, and now have 10/16 mp.
The two-headed ogre completely misses you.
The two-headed ogre closely misses you. 😮 HP[+1] 😮 HP[+1] 😮 HP[+1] 😮 HP[+1] 😮 HP[+1] 😮 HP[+1] 😮 HP[+1] MP[+1] 😕 HP[+1] 😕 HP[+1] 😕 HP[+1] 😕 HP[+1] 😕 HP[+1] 😕 HP[+1]
You enter the shallow water.
Moving in this stuff is going to be slow.
You block the two-headed ogre's attack.
The two-headed ogre hits you from afar with a +0 halberd!
Things that are here:
a +0 halberd; an ogre skeleton; 😮 HP[-7]
You take 7 damage, and now have 41/56 hp. 😕 HP[+2]
You regained 2 hp, and now have 43/56 hp.
The two-headed ogre completely misses you.
The two-headed ogre barely misses you. 😕 HP[+1] 😕 HP[+1] 😕 HP[+1] MP[+1] 😕 HP[+1]
You rampage towards the two-headed ogre!
You barely miss the two-headed ogre. 😕 HP[+1]
You hit the two-headed ogre.
You feel better.
You bite the two-headed ogre, but do no damage.
The two-headed ogre hits you with a +0 halberd!
You block the two-headed ogre's attack. 😕 HP[-2] MP[-1]
You take 2 damage, and now have 46/56 hp.
You lost 1 mp, and now have 11/16 mp.
You hit the two-headed ogre but do no damage.
The two-headed ogre hits you with a +0 halberd!!
The two-headed ogre hits you with a +0 halberd!
* * * LOW HITPOINT WARNING * * *
😨 HP[-20] MP[-5]
You take 20 damage, and now have 26/56 hp.
MASSIVE DAMAGE!! (PAUSE)
You lost 5 mp, and now have 6/16 mp.
Space bends around you!
You blink.
Splash!
You fall into the shallow water.
Moving in this stuff is going to be slow. 😨 HP[-1] MP[-1]
You take 1 damage, and now have 25/56 hp.
You lost 1 mp, and now have 5/16 mp.
Unknown command.
Unknown command.
The two-headed ogre barely misses you.
The two-headed ogre hits you from afar with a +0 halberd!
* * * LOW HITPOINT WARNING * * *
The two-headed ogre hits you from afar with a +0 halberd!
* * * LOW HITPOINT WARNING * * *
The two-headed ogre hits you from afar with a +0 halberd!
You die...

Skill      XL: |  1  2  3  4  5  6  7  8  9 10 |
---------------+-------------------------------+-----
Dodging        | 1 2 3 4 5 6 |  6.5
Short Blades   | 2 3 4 5 6 7 |  7.7
Stealth        | 1 2 3 4 5 |  5.0
Fighting       | 3 4 5 7 |  7.9
Invocations    | 3 5 6 |  6.7
Armour         | |  1.5

Action                   |  1- 3 |  4- 6 |  7- 9 | 10-12 || total
-------------------------+-------+-------+-------+-------++-------
Melee: Short sword       |    72 |   104 |   294 |       ||   470
       Bite              |    14 |    32 |   145 |    54 ||   245
       Punch             |     1 |     2 |     1 |     3 ||     7
       Rapier            |       |       |   120 |   167 ||   287
 Fire: Hunting sling     |       |    11 |       |       ||    11
       Fustibalus        |       |       |     4 |     5 ||     9
Throw: Dart              |       |       |     2 |     9 ||    11
       Stone             |       |       |       |     1 ||     1
Invok: Bend Space        |       |     1 |     1 |     2 ||     4
       Banish            |       |       |       |     2 ||     2
  Use: Scroll            |       |       |     7 |       ||     7
 Stab: Sleeping          |     3 |     3 |    13 |     3 ||    22
       Distracted        |       |     1 |       |     1 ||     2
Armor: Leather armour    |    12 |    23 |    42 |    19 ||    96
       Ring mail         |       |     2 |       |       ||     2
Dodge: Dodged            |    44 |    91 |   352 |   163 ||   650
Block: Other             |       |       |    51 |    45 ||    96
       Reflection        |       |       |     1 |       ||     1

Levels and vault maps discovered:
D:1:      dpeg_arrival_more_subterranean_lakeside_camping, layout_basic,
          hellmonk_ecumenical_altar_run_dry
D:2:      layout_rooms, minmay_guardbox, uniq_natasha, uniq_jessica
D:3:      minmay_door_path, layout_basic, amcnicky_mini_rare_corridor_liquid
D:4:      layout_rooms
D:5:      layout_basic, minmay_circle_x, uniq_eustachio, uniq_sigmund
D:6:      layout_loops_ring, okawaru_trees_2,
          minmay_temple_entry_gardened_gates, serial_shops, shop,
          nicolae_shop_sticking_my_neck_out, uniq_duvessa
D:7:      layout_basic, gammafunk_ghost_cemetery
D:8:      layout_layer_cave
D:9:      layout_gridville, erik_orc_4, enter_bailey_5
Bailey:   bailey_polearm_enchanted_keep_hellmonk, bailey

Notes
Turn   | Place    | Note
-------+----------+-------------------------------------------
     0 | Abyss:1  | spiderkeys the Vine Stalker Abyssal Knight began the quest
                  | for the Orb.
     0 | Abyss:1  | Reached XP level 1. HP: 11/11 MP: 3/3
     0 | Abyss:1  | magus.rc [v1.9.10]
    10 | D:1      | You pass through the gate.
    10 | D:1      | Escaped the Abyss
   289 | D:1      | Reached skill level 1 in Dodging
   359 | D:1      | Reached skill level 2 in Short Blades
   359 | D:1      | Reached XP level 2. HP: 12/16 MP: 2/4
   455 | D:1      | Found a faded altar of an unknown god.
   458 | D:1      | Reached skill level 1 in Stealth
   907 | D:2      | Reached skill level 3 in Fighting
  1066 | D:2      | Noticed Natasha
  1077 | D:2      | Killed Natasha
  1078 | D:2      | Reached XP level 3. HP: 15/20 MP: 3/5
  1107 | D:2      | Noticed Natasha
  1120 | D:2      | Killed Natasha
  1121 | D:2      | Reached skill level 2 in Stealth
  1121 | D:2      | Gained mutation: Your natural rate of healing is unusually
                  | fast. [Vine Stalker growth]
  1121 | D:2      | Reached XP level 4. HP: 12/24 MP: 6/6
  1147 | D:2      | Reached ** piety under Lugonu
  1256 | D:2      | Noticed Jessica
  1270 | D:2      | Killed Jessica
  1397 | D:2      | Reached skill level 2 in Dodging
  1397 | D:2      | Reached XP level 5. HP: 28/28 MP: 7/7
  1545 | D:2      | Noticed Natasha
  1553 | D:2      | Killed Natasha
  1554 | D:2      | Reached skill level 3 in Stealth
  1611 | D:2      | You pick up a book of Cantrips and begin reading...
  1611 | D:2      | You add the spells Animate Skeleton, Summon Small Mammal
                  | and Apportation to your library.
  1762 | D:3      | Noticed an ogre
  1762 | D:3      | Noticed a centaur
  2067 | D:3      | Killed an ogre
  2068 | D:3      | Reached skill level 3 in Short Blades
  2068 | D:3      | Reached XP level 6. HP: 33/33 MP: 8/8
  2450 | D:3      | Reached skill level 4 in Fighting
  2539 | D:4      | Reached skill level 4 in Stealth
  2570 | D:4      | Reached XP level 7. HP: 30/37 MP: 9/9
  2608 | D:4      | Reached skill level 3 in Dodging
  2618 | D:4      | HP: 6/37 [phantom (4)]
  2701 | D:4      | Reached skill level 4 in Short Blades
  2740 | D:4      | Reached skill level 5 in Stealth
  2930 | D:4      | You pick up a book of Frost and begin reading...
  2930 | D:4      | You add the spells Freeze, Frozen Ramparts and Hailstorm to
                  | your library.
  3009 | D:4      | Reached skill level 5 in Fighting
  3009 | D:4      | Gained mutation: You have razor-sharp teeth. [Vine Stalker
                  | growth]
  3009 | D:4      | Reached XP level 8. HP: 43/43 MP: 10/10
  3012 | D:4      | Reached skill level 4 in Dodging
  3137 | D:5      | Entered Level 5 of the Dungeon
  3153 | D:5      | Reached skill level 2 in Invocations
  3175 | D:4      | Reached *** piety under Lugonu
  3293 | D:5      | Noticed Sigmund
  3365 | D:5      | Reached skill level 5 in Short Blades
  3454 | D:5      | Noticed Eustachio
  3462 | D:5      | Killed Eustachio
  3463 | D:5      | Reached skill level 3 in Invocations
  3527 | D:5      | Killed Sigmund
  3606 | D:5      | Reached XP level 9. HP: 43/48 MP: 12/12
  4018 | D:6      | Reached skill level 6 in Fighting
  4018 | D:6      | Reached skill level 5 in Dodging
  4050 | D:6      | Reached skill level 4 in Invocations
  4140 | D:6      | Found Ugorphas's Neck Hole.
  4154 | D:6      | Bought an amulet of reflection for 390 gold pieces
  4217 | D:6      | Found an iron altar of Okawaru.
  4261 | D:6      | Reached skill level 6 in Short Blades
  4540 | D:6      | Found a staircase to the Ecumenical Temple.
  4543 | D:6      | Found Axeut's Book Boutique.
  4569 | D:6      | Reached **** piety under Lugonu
  4587 | D:6      | Noticed Duvessa
  4595 | D:6      | Noticed Dowan
  4614 | D:6      | Killed Duvessa
  4634 | D:6      | Killed Dowan
  4904 | D:7      | Reached skill level 5 in Invocations
  5120 | D:7      | HP: 11/49 [orc warrior (19)]
  5145 | D:6      | HP: 10/49 [orc warrior (20)]
  5337 | D:7      | Found a runed translucent gate.
  5338 | D:7      | Found a runed translucent gate.
  5339 | D:7      | Found a runed translucent gate.
  5341 | D:7      | Noticed testman's ghost (novice VSBr)
  5342 | D:7      | Noticed swinepaste's ghost (novice DEFE)
  5344 | D:7      | Reached skill level 7 in Fighting
  5344 | D:7      | Reached XP level 10. HP: 55/55 MP: 15/15
  6040 | D:8      | Noticed a two-headed ogre
  6071 | D:7      | Reached skill level 7 in Short Blades
  6128 | D:7      | Banished a two-headed ogre
  6129 | D:7      | Reached skill level 6 in Dodging
  6129 | D:7      | Reached skill level 6 in Invocations
  6131 | D:7      | HP: 12/55 [killer bee (3)]
  6768 | D:9      | Found a flagged portal.
  6772 | D:9      | Identified the +2 pair of gloves of the Peach {Rampage
                  | Str+3}
  6808 | Bailey   | Entered a bailey
  7017 | Bailey   | Reached ***** piety under Lugonu
  7037 | Bailey   | Noticed a two-headed ogre
  7072 | Bailey   | HP: 14/56 [two-headed ogre (12)]
  7072 | Bailey   | HP: 1/56 [two-headed ogre (13)]
  7072 | Bailey   | Mangled by a two-headed ogre

Vanquished Creatures
  3 spriggans (Bailey)
  A wyvern (D:8)
  Sigmund (D:5)
  Eustachio (D:5)
  2 steam dragons
  Duvessa (D:6)
  A water moccasin (D:9)
  An ice beast (D:5)
  2 orc warriors
  2 sky beasts
  2 black bears
  A necrophage (D:6)
  10 ogres
  2 centaurs
  2 phantoms
  2 bullfrogs (D:7)
  A gnoll sergeant (D:7)
  2 scorpions
  Dowan (D:6)
  A water moccasin skeleton (D:7)
  5 killer bees (D:7)
  A howler monkey (D:5)
  2 bullfrog zombies
  A hound (D:6)
  A bullfrog skeleton (D:5)
  An orc priest (D:5)
  2 jellies
  5 centaur zombies
  2 gnoll shamans
  Jessica (D:2)
  4 iguanas
  A scorpion zombie (D:5)
  Natasha (thrice) (D:2)
  4 orc wizards
  A hound skeleton (D:5)
  A howler monkey zombie (D:8)
  15 gnolls
  7 adders
  An ufetubus (D:6)
  2 worms
  2 dart slugs
  26 orcs
  An endoplasm (D:3)
  5 giant cockroaches
  8 goblins
  5 hobgoblins
  9 jackals
  3 quokkas
  3 ball pythons
  5 bats
  3 frilled lizards
  2 kobolds
  8 rats
179 creatures vanquished.

Vanquished Creatures (others)
  An orc wizard (D:7)
  An orc (D:7)
  A plant (D:6)
3 creatures vanquished.

Grand Total: 182 creatures vanquished

Table legend:
 A = Non-vault XP
 B = Vault XP
 C = Vault XP percentage of total XP
 D = Non-vault monster count
 E = Vault monster count
 F = Vault count percentage of total count
                 A         B        C        D         E       F
            +---------+---------+-------+---------+---------+-------
      Total |    5573 |    2626 |  32.0 |     144 |      38 |  20.9
            +---------+---------+-------+---------+---------+-------
        D:1 |      15 |       1 |   6.2 |      10 |       1 |   9.1
        D:2 |     108 |     115 |  51.6 |      16 |      13 |  44.8
        D:3 |     240 |       2 |   0.8 |       8 |       2 |  20.0
        D:4 |     916 |       0 |   0.0 |      26 |       0 |   0.0
        D:5 |     515 |     764 |  59.7 |      13 |       7 |  35.0
        D:6 |     873 |     215 |  19.8 |      26 |       2 |   7.1
        D:7 |    2319 |       0 |   0.0 |      32 |       0 |   0.0
        D:8 |     447 |       0 |   0.0 |      12 |       0 |   0.0
        D:9 |     140 |       7 |   4.8 |       1 |       4 |  80.0
     Bailey |       0 |    1522 | 100.0 |       0 |       9 | 100.0
            +---------+---------+-------+---------+---------+-------

Illustrated notes

Table legend:
 A = Kills in this place as a percentage of kills in entire the game.
 B = Kills by you in this place as a percentage of kills by you in the entire game.
 C = Kills by friends in this place as a percentage of kills by friends in the entire game.
 D = Other kills in this place as a percentage of other kills in the entire game.
 E = Experience gained in this place as a percentage of experience gained in the entire game.
 F = Experience gained in this place divided by the number of levels of this place that you have seen.
                   A       B       C       D       E      F
               +-------+-------+-------+-------+-------+----------------------
         Total | 100.0 | 100.0 |   N/A | 100.0 | 100.0 | 745.4
       Dungeon |  95.1 |  95.5 |   N/A |  66.7 |  81.4 | 741.9
        Bailey |   4.9 |   4.5 |   N/A |  33.3 |  18.6 | 1522.0
               +-------+-------+-------+-------+-------+----------------------

Table legend: (Time is in decaauts)
 A = Elapsed time spent in this place.
 B = Non-inter-level travel time spent in this place.
 C = Inter-level travel time spent in this place.
 D = Time resting spent in this place.
 E = Time spent auto-exploring this place.
 F = Levels seen in this place.
 G = Mean time per level.
                   A        B        C        D        E       F      G
               +--------+--------+--------+--------+--------+-----+--------+
         Total |   7000 |   6593 |    407 |    270 |   4269 |  11 |  636.4 |
       Dungeon |   6731 |   6324 |    407 |    234 |   4215 |   9 |  747.9 |
         Abyss |     10 |     10 |      0 |      0 |      0 |   1 |   10.0 |
        Bailey |    259 |    259 |      0 |     36 |     54 |   1 |  259.0 |
               +--------+--------+--------+--------+--------+-----+--------+

Top non-repeatable levels by time:
     D:7: 1217 daAuts
     D:1: 1012 daAuts
     D:6: 910 daAuts
     D:5: 786 daAuts
     D:2: 776 daAuts
     D:4: 715 daAuts
     D:3: 674 daAuts
     D:8: 600 daAuts
  Bailey: 259 daAuts
     D:9: 38 daAuts
 Abyss:1: 10 daAuts
